AoeStats
← Gon

Four Lakes

508460596Analyzed
1v1 RM · 8d ago on Sep 22, 2026· 68m 52s· 2 players
Game mode
Random Map
Map size
Tiny (2 player)
Population
200
Speed
Normal
Resources
Standard
Victory
Conquest
Starting age
Dark Age
Ending age
Imperial Age
RankedLock teamsTeams togetherTeam positionsShared explorationLock speedFull tech treeHidden civsTurbo modeCheats
Victory
Defeat
🇵🇪 Berbers · Peru
697
+15
🇫🇷 Berbers · France
665
-15
eldjmax
8:56 Loom
11:06 Feudal Age
12:06 Double-Bit Axe
12:06 Horse Collar
15:37 Town Watch
16:39 Forging
17:20 Fishing Lines
20:44 Castle Age
19:29 Bloodlines
21:51 Wheelbarrow
22:09 Gold Mining
22:47 Bow Saw
23:09 Heavy Plow
24:00 Husbandry
25:21 Fervor
25:09 Gillnets
26:59 Iron Casting
27:34 Pikeman
29:54 Scale Barding Armor
35:10 Imperial Age
33:24 Chain Barding Armor
34:41 Hand Cart
35:15 Fletching
35:52 Ballistics
35:45 Masonry
35:34 Murder Holes
35:29 Treadmill Crane
36:28 Crop Rotation
35:22 Heavy Camel Rider
38:34 Blast Furnace
38:07 Conscription
38:35 Gold Shaft Mining
39:47 Plate Barding Armor
39:09 Bodkin Arrow
39:56 Padded Archer Armor
41:42 Thumb Ring
41:05 Elite Genitour
43:46 Leather Archer Armor
43:32 Bracer
46:46 Ring Archer Armor
46:45 Maghrebi Camels
49:35 Chemistry
48:43 Siege Engineers
Gon
11:49 Feudal Age
18:28 Fishing Lines
18:41 Fishing Lines
19:18 Loom
20:57 Bloodlines
21:24 Forging
21:20 Scale Barding Armor
26:39 Castle Age
24:51 Double-Bit Axe
24:57 Horse Collar
28:26 Gold Mining
28:26 Stone Mining
29:26 Gillnets
30:50 Town Watch
32:50 Iron Casting
32:35 Chain Barding Armor
32:16 Scale Mail Armor
35:34 Imperial Age
33:20 Town Patrol
32:53 Pikeman
33:34 Squires
33:19 Arson
33:46 Squires
33:33 Arson
37:39 Gold Shaft Mining
37:39 Stone Shaft Mining
37:08 Heavy Plow
37:23 Bow Saw
38:18 Plate Barding Armor
38:29 Murder Holes
38:53 Masonry
39:42 Wheelbarrow
39:03 Cavalier
39:44 Husbandry
41:21 Hand Cart
42:35 Fletching
42:46 Padded Archer Armor
45:23 Leather Archer Armor
45:03 Bodkin Arrow
46:12 Blast Furnace
45:28 Chain Mail Armor
47:07 Heavy Camel Rider
50:42 Treadmill Crane
51:39 Ballistics
52:23 Chemistry
53:50 Crop Rotation
55:07 Elite Camel Archer
55:50 Kasbah
55:53 Maghrebi Camels
56:00 Light Cavalry
59:46 Plate Mail Armor
59:16 Bracer
59:47 Ring Archer Armor
59:49 Hussar
Connection lost

Rejoining the realm…

Still unreachable

The connection could not be restored.

Session expired

The server has moved on; the page needs a fresh start.